 Dungeon Crawl Stone Soup version 0.29.1-2-gbd0b4ee654 (webtiles) character file.

Game seed: 7980896761558058962

1422 zeram the Destroyer (level 8, -11/46 HPs)
             Began as an Octopode Conjurer on Nov 4, 2022.
             Mangled by an ice beast (14 damage)
             ... on level 6 of the Dungeon.
             The game lasted 00:09:20 (6310 turns).

zeram the Destroyer (Octopode Conjurer)             Turns: 6310, Time: 00:09:22

Health: -11/46     AC:  1    Str:  7    XL:     8   Next: 72%
Magic:  14/25      EV: 15    Int: 22    God:
Gold:   292        SH:  0    Dex: 16    Spells: 14/17 levels left

rFire   . . .      SeeInvis .   s - +1 short sword (venom)
rCold   . . .      Faith    .   (no shield)
rNeg    . . .      Spirit   .   (helmet restricted)
rPois   +          Reflect  .   (no amulet)
rElec   .          Harm     .   e - ring of wizardry
rCorr   .          Rampage  .   g - ring of magical power
Will    .....                   h - +6 ring of dexterity
Stlth   +++.......              l - ring of poison resistance
HPRegen 0.15/turn               (no ring)
MPRegen 0.19/turn               (no ring)
                                (no ring)
                                (no ring)

@: no status effects
A: almost no armour, amphibious, 8 rings, camouflage 1, gelatinous body 1,
(nimble swimmer 1), tentacles
a: no special abilities


You were on level 6 of the Dungeon.
You visited 1 branch of the dungeon, and saw 6 of its levels.

You collected 292 gold pieces.

Inventory:

Hand Weapons
 b - a +1 hand axe
 s - a +1 short sword of venom (weapon)
Jewellery
 e - a ring of wizardry (left tentacle)
 g - a ring of magical power (right tentacle)
 h - a +6 ring of dexterity (on tentacle)
 l - a ring of poison resistance (on tentacle)
Wands
 o - a wand of flame (10)
Scrolls
 d - 2 scrolls of butterflies
 f - 4 scrolls of teleportation
 j - a scroll of torment
 k - a scroll of blinking
 p - 4 scrolls of vulnerability
Potions
 a - 2 potions of magic
 c - a potion of attraction {unknown}
 i - 2 potions of might
 m - 4 potions of curing
 n - a potion of berserk rage {unknown}
 r - a potion of cancellation {unknown}


   Skills:
 - Level 2.0 Short Blades
 + Level 5.3 Dodging
 - Level 2.6 Stealth
 + Level 5.4 Spellcasting
 + Level 8.0 Conjurations


You had 14 spell levels left.
You knew the following spells:

 Your Spells              Type           Power      Damage    Failure   Level
a - Magic Dart            Conj           100%       1d8       1%          1
b - Searing Ray           Conj           82%        2d7       1%          2

Your spell library contained the following spells:

 Spells                   Type           Power      Damage    Failure   Level
 Dazzling Flash           Conj/Hex       46%        N/A       2%          3
 Beastly Appendage        Tmut           12%        N/A       4%          1
 Wereblood                Tmut           6%         N/A       6%          2
 Fulminant Prism          Conj/Hex       11%        3d9       8%          4
 Iskenderun's Mystic Bla  Conj/Tloc      23%        2d6       8%          4
 Spider Form              Tmut/Pois      6%         N/A       12%         3


Dungeon Overview and Level Annotations

Branches:
Dungeon (6/15)
 Temple: D:4-7

Altars:
Makhleb
Okawaru
Sif Muna
Wu Jian

Shops:
D:4 !


Innate Abilities, Weirdness & Mutations

You cannot wear most types of armour.
You are amphibious.
You can wear up to eight rings at the same time.
Your skin changes colour to match your surroundings (Stealth+).
Your rubbery body absorbs attacks. (AC +1, EV +1)
((You are camouflaged when in or above water. (Stealth+)))
You have tentacles for arms and can constrict up to eight enemies at once.


Message History

Unknown command.
The searing ray hits the steam dragon!
The steam dragon is heavily wounded.
The steam dragon breathes steam at you. The ball of steam misses you.
Unknown command.
You are engulfed in a cloud of scalding steam.
An ice beast comes into view.
The searing ray hits the ice beast!
The ice beast is heavily wounded.
The searing ray hits the steam dragon!
The steam dragon is almost dead.
You finish channelling your searing ray.
Casting: Searing Ray (safe; 1% risk of failure)
Confirm with . or Enter, or press ? or * to list all spells.
Aiming: Searing Ray (safe; 1% risk of failure)
Press: ? - help, Shift-Dir - straight line, f/p - steam dragon
Aim: a steam dragon (almost dead, 82% to hit)
The searing ray hits the ice beast but does no damage.
The ice beast is heavily wounded.
The searing ray hits the steam dragon!
You kill the steam dragon! (Press . to maintain the ray.)
The ice beast is engulfed in a cloud of scalding steam.
The ice beast hits you. The ice beast freezes you!
Your Conjurations skill increases to level 8!
The searing ray hits the ice beast.
The ice beast is severely wounded.
The ice beast is engulfed in a cloud of scalding steam.
The ice beast hits you. The ice beast freezes you!
* * * LOW HITPOINT WARNING * * *
Unknown command.
The searing ray misses the ice beast.
The ice beast closely misses you.
The searing ray hits the ice beast.
The ice beast is almost dead.
You finish channelling your searing ray.
The ice beast hits you.
* * * LOW HITPOINT WARNING * * *
The ice beast freezes you!
You die...

#.# ##...# #.#
##.## #.# #.# ####
#.## #.# ..# #..#
#.# #.# ##.# #.#
####.####.## #.#
###.###..........#
#.#
#....Y@.....#.#..#
#†##
#.########.......#
#.<# ###.##..#
##.# #.##..# #.#
#....... #.#
####..#.##.#
...#.##.# ##.# #.#


You could see an ice beast.

Vanquished Creatures
  Prince Ribbit (D:6)
  Sigmund (D:3)
  Eustachio (D:5)
  A steam dragon (D:6)
  A water moccasin (D:5)
  A black bear (D:5)
  A centaur (D:6)
  An ogre (D:5)
  Blork the orc (D:4)
  A scorpion (D:5)
  A crimson imp (D:5)
  A hound (D:5)
  An orc priest (D:3)
  Natasha (thrice) (D:2)
  2 iguanas
  4 adders
  A white imp (D:6)
  3 worms (D:2)
  2 dart slugs
  6 orcs
  9 ball pythons
  4 endoplasms
  2 giant cockroaches
  9 goblins
  5 hobgoblins
  6 jackals
  A quokka (D:4)
  A bat (D:2)
  7 frilled lizards
  6 kobolds
  2 rats (D:1)
86 creatures vanquished.

Notes
Turn   | Place    | Note
-------+----------+-------------------------------------------
     0 | D:1      | zeram the Octopode Conjurer began the quest for the Orb.
     0 | D:1      | Reached XP level 1. HP: 11/11 MP: 3/3
   165 | D:1      | Reached XP level 2. HP: 17/17 MP: 5/5
   170 | D:1      | Learned a level 2 spell: Searing Ray
   346 | D:1      | Found a faded altar of an unknown god.
   493 | D:2      | Reached XP level 3. HP: 10/21 MP: 6/6
   518 | D:2      | HP: 1/21 [worm (11)]
   921 | D:2      | Identified the +6 scale mail of Uskayaw's Envy {-Tele Int+4
                  | Dex+5}
   947 | D:2      | Noticed Natasha
   952 | D:2      | Killed Natasha
   953 | D:2      | Reached skill level 5 in Conjurations
   953 | D:2      | Reached XP level 4. HP: 27/27 MP: 7/7
  1031 | D:2      | Noticed Natasha
  1035 | D:2      | Killed Natasha
  1452 | D:2      | Noticed Natasha
  1459 | D:2      | Killed Natasha
  1463 | D:2      | Reached XP level 5. HP: 12/31 MP: 8/8
  2305 | D:3      | Reached skill level 6 in Conjurations
  2769 | D:3      | Noticed Sigmund
  2775 | D:3      | Killed Sigmund
  2776 | D:3      | Reached XP level 6. HP: 20/36 MP: 10/10
  3690 | D:4      | Found Sinaali's Distillery.
  4382 | D:4      | Noticed Blork the orc
  4394 | D:4      | Killed Blork the orc
  4395 | D:4      | Reached skill level 1 in Short Blades
  4395 | D:4      | Reached XP level 7. HP: 21/41 MP: 12/12
  4561 | D:5      | Entered Level 5 of the Dungeon
  4827 | D:5      | Found an ornate altar of the Wu Jian Council.
  4827 | D:5      | Found an iron altar of Okawaru.
  4951 | D:5      | Reached skill level 7 in Conjurations
  5228 | D:5      | Noticed Eustachio
  5236 | D:5      | Killed Eustachio
  5237 | D:5      | Reached XP level 8. HP: 46/46 MP: 14/14
  5511 | D:5      | Found a shimmering blue altar of Sif Muna.
  5664 | D:5      | Found a burning altar of Makhleb.
  5881 | D:6      | Noticed Prince Ribbit
  5887 | D:6      | Killed Prince Ribbit
  5888 | D:6      | Reached skill level 5 in Spellcasting
  6011 | D:6      | Reached skill level 5 in Dodging
  6308 | D:6      | Reached skill level 8 in Conjurations
  6310 | D:6      | Mangled by an ice beast

Illustrated notes

Levels and vault maps discovered:
D:1:      lightli_arrival_isolated_outpost, layout_rooms,
          hellmonk_ecumenical_altar_leap_of_faith, chequers_garden
D:2:      kennysheep_six_static_rooms, layout_basic, interstate_on_off,
          minmay_ruptured, uniq_natasha
D:3:      layout_basic, uniq_sigmund
D:4:      layout_basic, serial_shops, nicolae_shop_statue_plus,
          uniq_blork_the_orc
D:5:      layout_loops_ring, makhleb_grotto_becter, mainiacjoe_overflow_paths,
          nicolae_overflow_two_pavilions, uniq_eustachio
D:6:      layout_loops_ring, uniq_duvessa, uniq_grinder, uniq_prince_ribbit1,
          uniq_pikel

Skill      XL: |  1  2  3  4  5  6  7  8 |
---------------+-------------------------+-----
Conjurations   | 5 6 7 8 |  8.0
Dodging        | 3 4 5 |  5.3
Spellcasting   | 3 4 5 |  5.4
Short Blades   | 1 2 |  2.0
Stealth        | |  2.6

Action                   |  1- 3 |  4- 6 |  7- 9 || total
-------------------------+-------+-------+-------++-------
Melee: Hand axe          |    21 |    12 |       ||    33
       Constrict         |     6 |    16 |     3 ||    25
       Tentacles         |     3 |    12 |     5 ||    20
       Punch             |     1 |       |       ||     1
       Short sword       |       |    39 |    10 ||    49
 Cast: Magic Dart        |    20 |    20 |    22 ||    62
       Searing Ray       |     2 |    16 |    12 ||    30
  Use: Scroll            |     5 |     5 |     1 ||    11
 Stab: Sleeping          |     7 |     5 |     2 ||    14
Armor: Skin              |     1 |     3 |       ||     4
Dodge: Dodged            |    17 |    47 |    25 ||    89
